 Dungeon Crawl Stone Soup version 0.27-a0-1202-ge72e49191c (webtiles) character file.

Game seed: 1880919861988024110

186 avis the Chopper (level 5, -4/48 HPs)
             Began as a Hill Orc Monk on June 3, 2021.
             Slain by a black bear (6 damage)
             ... on level 3 of the Dungeon.
             The game lasted 00:15:18 (4743 turns).

avis the Chopper (Hill Orc Monk)                    Turns: 4743, Time: 00:15:21

Health: -4/48      AC: 10    Str: 15    XL:     5   Next: 66%
Magic:  5/5        EV:  0    Int: 10    God:
Gold:   154        SH: 10    Dex: 13    Spells: 4/4 levels left

rFire    . . .     SeeInvis .   a - +0 hand axe
rCold    . . .     Faith    .   h - +0 tower shield
rNeg     + . .     Spirit   .   f - +0 plate armour
rPois    .         Reflect  .   (no helmet)
rElec    .         Harm     .   (no cloak)
rCorr    .         Rampage  .   (no gloves)
Will     .....                  (no boots)
Stlth    ..........             (no amulet)
HPRegen  0.16/turn              t - ring of positive energy
MPRegen  0.09/turn              (no ring)

@: no status effects
A: no striking features
a: no special abilities


You were on level 3 of the Dungeon.
You visited 1 branch of the dungeon, and saw 4 of its levels.

You collected 154 gold pieces.

Inventory:

Hand Weapons
 a - a +0 hand axe (weapon)
 b - a +0 hunting sling
Missiles
 d - 131 stones (quivered)
 r - 28 arrows
Armour
 f - a +0 plate armour (worn)
 h - a +0 tower shield (worn)
 i - a +0 robe
 x - a +0 chain mail
Magical Staves
 n - a staff of earth
Jewellery
 o - a ring of ice
 t - a ring of positive energy (left hand)
Scrolls
 c - a scroll of blinking {unknown}
 e - a scroll of silence {unknown}
 j - a scroll of noise {unknown}
 l - 2 scrolls of amnesia {unknown}
 p - a scroll of magic mapping {unknown}
 q - a scroll of enchant weapon {unknown}
 s - a scroll of fear {unknown}
 v - a scroll of identify
 w - a scroll of teleportation {unknown}
Potions
 g - 2 potions of might
 k - 2 potions of curing
 m - a potion of invisibility
 u - a potion of magic {unknown}


   Skills:
 + Level 5.1 Fighting
 * Level 7.0 Axes
 - Level 2.4 Dodging
 - Level 1.5 Stealth


You had 4 spell levels left.
You didn't know any spells.
Your spell library contained the following spells:

 Spells                   Type           Power      Damage    Failure   Level
 Beastly Appendage        Tmut           0%         N/A       100%        1
 Magic Dart               Conj           0%         1d3       100%        1
 Blink                    Tloc           N/A        N/A       100%        2
 Call Imp                 Summ           0%         N/A       100%        2
 Slow                     Hex            0%         N/A       100%        2
 Wereblood                Tmut           0%         N/A       100%        2
 Confusing Touch          Hex            0%         N/A       100%        3
 Conjure Flame            Conj/Fire      0%         6-21      100%        3
 Gell's Gravitas          Tloc           0%         N/A       100%        3
 Mephitic Cloud           Conj/Pois/Air  0%         N/A       100%        3
 Spider Form              Tmut/Pois      0%         N/A       100%        3
 Ice Form                 Ice/Tmut       0%         N/A       100%        4
 Petrify                  Tmut/Erth      0%         N/A       100%        4
 Hydra Form               Tmut           0%         N/A       100%        5
 Metabolic Englaciation   Hex/Ice        0%         N/A       100%        5
 Yara's Violent Unravell  Hex/Tmut       0%         3d3       100%        5


Dungeon Overview and Level Annotations

Branches:
Dungeon (4/15)
 Temple: D:4-7

Altars:
Vehumet

Shops:
D:2 [


Message History

The black bear claws you but does no damage. x2
You block the black bear's attack.
The black bear claws you but does no damage. x2
You hit the black bear.
The black bear is severely wounded.
You block the black bear's attack. x2
The black bear claws you but does no damage.
You closely miss the black bear.
The black bear is severely wounded.
The black bear bites you.
The black bear claws you but does no damage.
You block the black bear's attack. x2
The black bear claws you but does no damage. x2
You hit the black bear.
The black bear is severely wounded.
The black bear goes berserk!
You hit the black bear.
The black bear is severely wounded.
The black bear bites you but does no damage.
You block the black bear's attack. x2; The black bear bites you.
The black bear claws you but does no damage.
You block the black bear's attack.
You hit the black bear.
The black bear is almost dead.
The black bear bites you but does no damage.
The black bear claws you but does no damage. x2
The black bear bites you.
* * * LOW HITPOINT WARNING * * *
The black bear claws you but does no damage.
The black bear claws you.
* * * LOW HITPOINT WARNING * * *
Okay, then.
You hit the black bear but do no damage.
The black bear is almost dead.
The black bear bites you but does no damage.
The black bear claws you.
* * * LOW HITPOINT WARNING * * *
The black bear claws you but does no damage.
You block the black bear's attack. The black bear claws you.
You die...

#.#####.#.##.# #.###### #.#
#.#.##.# #.###### #####'##
#.#.##.# #....... .......#
#.#.##.################
.......####.#.##.................
.......#....#.###################
.......#.####'### #
#####+##.#......## #########
.........'......@# #.......#
#####.##.#..)...h# #.#####.#
.......#.#.......# #.# #.#
########.#.......# #.# #.#
.......#.#......## #.#####.#
######.#.#......#########.##....#
.# #.#.#......#.........##.####
.#####.#.#......#.........#......
................#.........#..####


You could see a black bear (berserk).

Vanquished Creatures
  10 adders
  2 worms (D:2)
  3 dart slugs
  2 orcs (D:4)
  6 ball pythons
  6 bats
  7 endoplasms
  A giant cockroach (D:2)
  11 goblins
  4 hobgoblins
  9 jackals
  A quokka (D:1)
  4 frilled lizards
  7 kobolds
  A quokka skeleton (D:4)
  10 rats
84 creatures vanquished.

Notes
Turn   | Place    | Note
-------+----------+-------------------------------------------
     0 | D:1      | avis the Hill Orc Monk began the quest for the Orb.
     0 | D:1      | Reached XP level 1. HP: 19/19 MP: 1/1
   334 | D:1      | Reached XP level 2. HP: 21/27 MP: 2/2
   819 | D:1      | Found a faded altar of an unknown god.
   964 | D:1      | Reached skill level 5 in Axes
  1133 | D:1      | Reached XP level 3. HP: 25/33 MP: 3/3
  2084 | D:2      | Reached XP level 4. HP: 33/41 MP: 4/4
  2188 | D:2      | Found Asoexzol's Antique Armour Shop.
  2449 | D:2      | Reached skill level 6 in Axes
  2838 | D:2      | Reached XP level 5. HP: 32/47 MP: 5/5
  3380 | D:3      | Reached skill level 5 in Fighting
  3850 | D:3      | Found a radiant altar of Vehumet.
  4041 | D:3      | Reached skill level 7 in Axes
  4723 | D:4      | Noticed a black bear
  4743 | D:3      | HP: 2/48 [black bear (5)]
  4743 | D:3      | Slain by a black bear

Illustrated notes

Levels and vault maps discovered:
D:1:      saegor_arrival_simple_e, layout_basic, basic_ecumenical_altar
D:2:      layout_basic, serial_shops, shop, minmay_joined_circles
D:3:      layout_basic, lemuel_tele_altar, kennysheep_path_1
D:4:      layout_basic, jmf_multi_god_temple2, grunt_decor_arrowhead,
          grunt_ministairs_8, uniq_sigmund

Skill      XL: |  1  2  3  4  5 |
---------------+----------------+-----
Fighting       | 4 5 |  5.1
Axes           | 5 6 7 |  7.0
Dodging        | |  2.4
Stealth        | |  1.5

Action                   |  1- 3 |  4- 6 || total
-------------------------+-------+-------++-------
Melee: Hand axe          |   122 |   205 ||   327
 Fire: Hunting sling     |    19 |     7 ||    26
  Use: Scroll            |       |     3 ||     3
Armor: Robe              |     8 |       ||     8
       Plate armour      |    57 |   161 ||   218
Dodge: Dodged            |    44 |    25 ||    69
Block: Tower shield      |       |    71 ||    71

Table legend: (Time is in decaauts)
 A = Elapsed time spent in this place.
 B = Non-inter-level travel time spent in this place.
 C = Inter-level travel time spent in this place.
 D = Time resting spent in this place.
 E = Time spent auto-exploring this place.
 F = Levels seen in this place.
 G = Mean time per level.
                   A        B        C        D        E       F      G
               +--------+--------+--------+--------+--------+-----+--------+
         Total |   4799 |   4412 |    387 |   1649 |   1799 |   4 | 1199.8 |
       Dungeon |   4799 |   4412 |    387 |   1649 |   1799 |   4 | 1199.8 |
               +--------+--------+--------+--------+--------+-----+--------+

Top non-repeatable levels by time:
     D:2: 1780 daAuts
     D:1: 1710 daAuts
     D:3: 1232 daAuts
     D:4: 76 daAuts
